 Dungeon Crawl Stone Soup version 0.19.1 (webtiles) character file.

102510 AAAAA the Warrior (level 15, 0/129 HPs)
             Began as a Mummy Gladiator on Dec 5, 2016.
             Was an Initiate of Gozag.
             Killed by divine providence
             ... invoked by an orc priest
              (17 damage)
             ... on level 15 of the Dungeon.
             The game lasted 01:28:58 (35629 turns).

AAAAA the Warrior (Mummy Gladiator)                Turns: 35629, Time: 01:28:59

Health: 0/129      AC: 29    Str: 23    XL:     15   Next: 86%
Magic:  15/15      EV: 14    Int: 11    God:    Gozag
Gold:   4444       SH:  7    Dex: 15    Spells: 0 memorised, 14 levels left

rFire  . . .     SeeInvis +     a - +1 whip (elec)
rCold  + + .     Gourm    .     s - +7 chain mail of Zin's Approval {rC+ rN+ Int+4}
rNeg   + + +     Faith    .     u - +1 buckler {rF+}
rPois  ∞         Spirit   .     U - +2 helmet of Autumn {MR+ Stlth+}
rElec  .         Reflect  .     I - +1 cloak {MR+}
rCorr  .         Harm     .     Z - +1 pair of gloves
MR     ++++.                    j - +0 pair of boots {Fly}
Stlth  ..........               (no amulet)
                                O - ring of protection from magic
                                c - ring of see invisible

@: gold aura, flying
A: no food or potions, fire vulnerability, cold resistance 1, negative energy
resistance 3, torment resistance, unbreathing, in touch with death 1
a: Potion Petition, Call Merchant, Bribe Branch, Renounce Religion, Stop Flying


You were on level 15 of the Dungeon.
You worshipped Gozag.
Gozag was most pleased with you.
You were not hungry.

You visited 3 branches of the dungeon, and saw 22 of its levels.
You also visited: Labyrinth, Ice Cave and Volcano.

You collected 8017 gold pieces.
You spent 2223 gold pieces at shops.
You paid 1350 gold pieces to Gozag.

Inventory:

Hand Weapons
 a - a +1 whip of electrocution (weapon)
 m - the +7 scimitar of the Thirsty Mice {vamp, MR+ Dex+4}
   (You found it on level 6 of the Lair of Beasts)

   It inflicts no extra harm, but heals its wielder when it wounds a living foe.
   It affects your dexterity (+4).
   It affects your resistance to hostile enchantments.
 n - a +7 blowgun
Missiles
 d - 7 throwing nets
 g - 619 stones (quivered)
 o - 5 curare-tipped needles
 F - 97 poisoned needles
Armour
 j - a +0 pair of boots of flying (worn)
 s - the +7 chain mail of Zin's Approval (worn) {rC+ rN+ Int+4}
   (You bought it in a shop on level 2 of the Lair of Beasts)

   It affects your intelligence (+4).
   It protects you from cold.
   It protects you from negative energy.
 u - a +1 buckler of fire resistance (worn)
 A - a +2 chain mail of magic resistance
 I - a +1 cloak of magic resistance (worn)
 U - the +2 helmet of Autumn (worn) {MR+ Stlth+}
   (You found it on level 10 of the Dungeon)

   It affects your resistance to hostile enchantments.
   It makes you more stealthy.
 Z - a +1 pair of gloves (worn)
Magical Staves
 p - an uncursed staff of fire
Rods
 b - a +1 rod of ignition (14/14)
   (You took it off a centaur on level 14 of the Dungeon)
 q - a +0 iron rod (14/14)
   (You found it on level 3 of the Lair of Beasts)
Jewellery
 c - a ring of see invisible (left hand)
 f - an uncursed ring of resist corrosion
 C - a +6 ring of strength
 O - a ring of protection from magic (right hand)
Wands
 v - a wand of iceblast (4/15)
 x - a wand of digging (14/24)
 y - a wand of confusion (30/48)
 E - a wand of enslavement (12/24)
 J - a wand of hasting (3/9)
 K - a wand of flame (28/48)
 N - a wand of paralysis (20/24)
 X - a wand of disintegration (6/24)
Scrolls
 e - 2 scrolls of noise
 h - 2 scrolls of fear
 i - 4 scrolls of vulnerability
 k - 2 scrolls of immolation
 l - 2 scrolls of blinking
 r - 6 scrolls of enchant weapon
 w - 5 scrolls of fog
 z - a scroll of silence
 B - 5 scrolls of remove curse
 D - 7 scrolls of amnesia
 G - a scroll of summoning
 H - a scroll of brand weapon
 L - 3 scrolls of magic mapping
 M - 2 scrolls of identify
 P - 4 scrolls of recharging
 V - a scroll of torment
Books
 t - a book of Power

   Spells                             Type                      Level
   a - Fulminant Prism                Conjuration/Hexes            4
   b - Iskenderun's Mystic Blast      Conjuration                  4
   c - Venom Bolt                     Conjuration/Poison           5
   d - Bolt of Magma                  Conjuration/Fire/Earth       5
   e - Iron Shot                      Conjuration/Earth            6
   f - Orb of Destruction             Conjuration                  7
   g - Spellforged Servitor           Conjuration/Summoning        7
 W - a book of Changes

   Spells                             Type                      Level
   a - Beastly Appendage              Transmutation                1
   b - Sticks to Snakes               Transmutation                2
   c - Spider Form                    Transmutation/Poison         3
   d - Ice Form                       Ice/Transmutation            4
   e - Blade Hands                    Transmutation                5
 Y - a Fen Folio

   Spells                             Type                      Level
   a - Corpse Rot                     Necromancy                   2
   b - Stone Arrow                    Conjuration/Earth            3
   c - Leda's Liquefaction            Hexes/Earth                  4
   d - Summon Forest                  Summoning/Translocation      5
   e - Hydra Form                     Transmutation                6
   f - Summon Hydra                   Summoning                    7
Miscellaneous
 S - a fan of gales


   Skills:
 - Level 15.0 Fighting
 - Level 12.0 Maces & Flails
 - Level 1.5 Throwing
 - Level 11.0 Armour
 - Level 10.1 Dodging
 + Level 9.3 Shields


You had 14 spell levels left.
You didn't know any spells.

Dungeon Overview and Level Annotations

Branches:
Dungeon (15/15)            Temple (1/1) D:6            Lair (6/6) D:11
 Shoals (0/4) Lair:3       Spider (0/4) Lair:3        Slime (0/5) Lair:6
    Orc (0/2) D:10         Vaults (0/5) D:13         Depths (0/5) D:15

Altars:
Ashenzari
Cheibriados
Dithmenos
Elyvilon
Fedhas
Gozag
Hepliaklqana
Kikubaaqudgha
Makhleb
Nemelex Xobeh
Okawaru
Qazlal
Ru
Sif Muna
Trog
Uskayaw
Vehumet
Xom
Yredelemnul
Zin
The Shining One

Shops:
D:5 %   D:9 =   D:14 *   D:15 (   Lair:2 [

Annotations:
D:2 1 runed door
D:9 Erica
D:13 exclusion: 2 downstairs
D:14 exclusion: Roxanne, Roxanne


Innate Abilities, Weirdness & Mutations

You do not eat or drink.
Your flesh is vulnerable to fire.
You are immune to poison.
Your flesh is cold resistant. (rC+)
You are immune to negative energy. (rN+++)
You are immune to unholy pain and torment.
You can survive without breathing.
You are in touch with the powers of death.


Message History

The orc is heavily wounded.
The orc priest is no longer distracted by gold.
You block the orc's attack.
The orc warrior hits you with an enchanted trident!!
* * * LOW HITPOINT WARNING * * *
You completely miss the orc.
The orc is heavily wounded.
Unknown command.
You whack the orc!
You kill the orc!
The orc warrior hits you with an enchanted trident.
* * * LOW HITPOINT WARNING * * *
You block the orc's attack.
Unknown command.
The orc warrior hits you but does no damage.
The orc completely misses you.
The orc priest invokes the aid of Beogh against you.
Beogh smites you!
You die...
Your body crumbles into a pile of gold.

.....!..#####.........#####
..........................#
..........................#
..........######..........#
..........# #...######.#
..........# #...# #.#
..........######o..######.#
................oo........#
................@.........#
..........................#
....####.....(............#
#...# #..................#
#...####....(.............#
#.............(...........#
..........................#
..........................#
#.........................#


You could see an orc warrior, an orc priest and an orc.

Vanquished Creatures
  Kirke (D:13)
  Snorg (D:13)
  A minotaur (Lab)
  Josephine (D:13)
  12 hydras
  Fannar (D:12)
  4 centaur warriors
  2 ogre magi (D:15)
  A vampire mage (D:15)
  A tengu warrior (D:14)
  An orc high priest (D:15)
  Sonja (D:13)
  A flayed ghost (D:15)
  5 skeletal warriors
  7 unseen horrors
  A spark wasp zombie (D:15)
  Pikel (D:4)
  7 hill giants
  3 wizards
  3 necromancers
  4 wolf spider zombies
  A deep elf mage (D:12)
  A stone giant zombie (D:15)
  A harpy (D:14)
  11 ugly things
  4 cyclopes
  4 manticores
  A frost giant zombie (D:15)
  4 centaur zombies
  A siren (Lair:3)
  12 elephants
  2 ice statues (IceCv)
  6 black mambas
  Psyche (D:8)
  3 gargoyles
  10 spiny frogs
  A torpor snail (shapeshifter) (D:12)
  3 kobold demonologists
  An efreet (D:15)
  8 komodo dragons
  9 ice devils (IceCv)
  A minotaur zombie (Lab)
  5 trolls
  3 hornets
  3 polar bears
  19 blink frogs
  A two-headed ogre (D:7)
  8 hippogriffs
  10 dream sheep
  A meliai zombie (D:14)
  A shadow (D:12)
  10 spriggans (Lair:6)
  2 vampires
  41 yaks
  2 redbacks (Lair:6)
  4 wyverns
  7 wraiths
  A basilisk (Lair:6)
  A fire elemental (Volcano)
  5 hogs (D:13)
  5 fire bats (Volcano)
  A steam dragon (D:11)
  8 vampire mosquitoes
  4 hungry ghosts
  A mottled dragon (D:15)
  11 porcupines
  12 water moccasins
  12 orc warriors
  2 slaves (D:3)
  3 ice beasts
  5 black bears
  A phantom (D:14)
  6 sky beasts
  12 boggarts
  13 ogres
  42 wolves
  16 centaurs
  20 crocodiles
  6 big kobolds
  13 bullfrogs
  A gnoll sergeant (D:9)
  A scorpion (shapeshifter) (D:15)
  5 scorpions
  11 killer bees
  A tengu zombie (D:15)
  5 wights (D:14)
  A howler monkey (D:6)
  4 crimson imps
  9 hounds
  7 lava snakes (Volcano)
  A draconian simulacrum (IceCv)
  4 centaur skeletons
  A bullfrog skeleton (D:9)
  2 jellies
  A quasit (D:14)
  11 orc priests
  17 orc wizards
  2 iguanas
  5 troll simulacra (IceCv)
  A spriggan simulacrum (IceCv)
  12 worker ants
  A polar bear simulacrum (D:11)
  4 yak simulacra (D:11)
  4 wolf simulacra (D:11)
  3 centaur simulacra (IceCv)
  A worker ant zombie (D:6)
  3 gnolls (D:9)
  17 adders
  4 river rats (D:11)
  8 shadow imps
  7 oozes
  2 adder skeletons
  An adder zombie (D:9)
  3 worms
  3 dart slugs
  7 leopard geckos
  81 orcs
  2 ball pythons
  12 giant cockroaches
  13 hobgoblins
  10 jackals
  3 quokkas
  19 bats
  4 frilled lizards
  A giant cockroach zombie (D:5)
  8 goblins
  22 kobolds
  20 rats
  2 river rat simulacra (D:11)
828 creatures vanquished.

Vanquished Creatures (others)
  A skeletal warrior (D:15)
  A hippogriff (Lair:6)
  A wraith (D:13)
  21 fungi
  9 plants
  A withered plant (D:15)
34 creatures vanquished.

Grand Total: 862 creatures vanquished

Notes
Turn   | Place    | Note
-------+----------+-------------------------------------------
     0 | D:1      | AAAAA the Mummy Gladiator began the quest for the Orb.
     0 | D:1      | Reached XP level 1. HP: 16/16 MP: 1/1
   335 | D:1      | Reached XP level 2. HP: 22/22 MP: 2/2
  1011 | D:1      | Reached XP level 3. HP: 17/27 MP: 3/3
  1972 | D:2      | Found a runed door.
  2078 | D:2      | Reached XP level 4. HP: 30/33 MP: 4/4
  2534 | D:2      | Noticed a centaur
  2567 | D:2      | Killed a centaur
  2567 | D:2      | Reached skill level 5 in Maces & Flails
  2567 | D:2      | Reached XP level 5. HP: 10/38 MP: 5/5
  4303 | D:3      | Found a shadowy altar of Dithmenos.
  4303 | D:3      | Found an iron altar of Okawaru.
  4308 | D:3      | Found a basalt altar of Yredelemnul.
  4310 | D:3      | Found a faded altar of an unknown god.
  4312 | D:3      | Found a faded altar of an unknown god.
  4656 | D:3      | Reached XP level 6. HP: 43/44 MP: 6/6
  4824 | D:4      | Noticed a slave
  4826 | D:4      | Noticed a slave
  4826 | D:4      | Noticed a slave
  4848 | D:3      | Killed a slave
  4886 | D:4      | Noticed a slave
  4888 | D:4      | Noticed Pikel
  4903 | D:3      | Killed a slave
  5063 | D:4      | Killed Pikel
  5063 | D:4      | Reached XP level 7. HP: 46/50 MP: 7/7
  5285 | D:4      | Reached XP level 8. HP: 48/56 MP: 8/8
  5465 | D:4      | Found a glowing silver altar of Zin.
  5749 | D:5      | Entered Level 5 of the Dungeon
  5782 | D:5      | Found Iveariacs's Food Emporium.
  6735 | D:6      | Found a staircase to the Ecumenical Temple.
  6869 | Temple   | Entered the Ecumenical Temple
  7080 | Temple   | Became a worshipper of Gozag Ym Sagoz the Greedy
  7212 | Temple   | Reached skill level 10 in Maces & Flails
  7362 | D:6      | Reached XP level 9. HP: 58/61 MP: 9/9
  8143 | D:7      | Found a blossoming altar of Fedhas.
  8144 | D:7      | Found an ancient bone altar of Kikubaaqudgha.
  8637 | D:8      | Noticed Psyche
  8654 | D:8      | Killed Psyche
 10039 | D:8      | Reached XP level 10. HP: 68/68 MP: 10/10
 10172 | D:8      | Reached skill level 3 in Fighting
 10699 | D:9      | Reached skill level 4 in Fighting
 10863 | D:9      | Reached skill level 5 in Fighting
 11161 | D:9      | Reached skill level 6 in Fighting
 11282 | D:9      | Reached skill level 1 in Armour
 11765 | D:9      | Found Bomoleysch's Jewellery Shop.
 11768 | D:9      | Bought a cursed ring of teleportation for 63 gold pieces
 11835 | D:9      | Noticed Erica
 11860 | D:9      | Bought an uncursed ring of see invisible for 210 gold pieces
 11860 | D:9      | Bought an uncursed ring of protection from magic for 350 gold pieces
 12152 | D:9      | Noticed an unseen horror
 12166 | D:9      | Killed an unseen horror
 12166 | D:9      | Reached skill level 5 in Armour
 12311 | D:10     | Entered Level 10 of the Dungeon
 12450 | D:10     | Noticed an unseen horror
 12459 | D:10     | Killed an unseen horror
 12459 | D:10     | Reached XP level 11. HP: 61/81 MP: 11/11
 13197 | D:10     | Found a staircase to the Orcish Mines.
 13811 | D:10     | Noticed a wizard
 13831 | D:10     | Killed a wizard
 13845 | D:10     | Noticed a wizard
 13851 | D:10     | Killed a wizard
 13967 | D:10     | Got a slimy helmet
 13978 | D:10     | Identified the +2 helmet of Autumn {MR+ Stlth+} (You found it on level 10 of the Dungeon)
 14064 | D:11     | Noticed a hill giant
 14171 | D:11     | Killed a hill giant
 14188 | D:11     | Noticed an unseen horror
 14198 | D:11     | Killed an unseen horror
 14479 | D:11     | Found a staircase to the Lair.
 14870 | D:11     | Reached skill level 10 in Armour
 14915 | D:11     | Noticed a five-headed hydra
 14929 | D:11     | Killed a five-headed hydra
 15197 | D:11     | Noticed an unseen horror
 15204 | D:11     | Killed an unseen horror
 15204 | D:11     | Reached XP level 12. HP: 80/88 MP: 12/12
 15856 | Lair:1   | Entered Level 1 of the Lair of Beasts
 15857 | Lair:1   | Identified a scroll of acquirement
 16042 | Lair:1   | Got a dazzling great mace
 16043 | Lair:1   | Identified the +7 great mace of Gozag's Castigation {crush, +Rage rPois} (You acquired it on level 1 of the Lair of Beasts)
 16109 | Lair:1   | Found a labyrinth entrance.
 16118 | Lab      | Entered a labyrinth
 16608 | Lab      | Noticed a minotaur
 16638 | Lab      | Killed a minotaur
 16638 | Lab      | Reached skill level 7 in Fighting
 16654 | Lab      | Got a jewelled cloak
 17186 | Lair:1   | Identified the +1 cloak of Goodbye, My Love {rPois rN++ Str+2 SInv} (You found it in a labyrinth)
 18061 | Lair:2   | Bought a pair of glowing boots for 420 gold pieces
 18061 | Lair:2   | Bought a runed buckler for 420 gold pieces
 18163 | Lair:2   | Reached skill level 1 in Shields
 18170 | Lair:2   | Found a dark tunnel.
 18327 | Volcano  | Entered a volcano
 19059 | Volcano  | Found a radiant altar of Vehumet.
 19059 | Volcano  | Noticed a stone giant
 19355 | Lair:2   | Noticed a four-headed hydra
 19375 | Lair:2   | Killed a four-headed hydra
 20070 | Lair:3   | Reached skill level 8 in Fighting
 20217 | Lair:3   | Found a staircase to the Shoals.
 20297 | Lair:3   | Found a hole to the Spider Nest.
 20312 | Lair:3   | Noticed an eight-headed hydra
 20324 | Lair:3   | Killed an eight-headed hydra
 20924 | Lair:3   | Reached skill level 9 in Fighting
 21441 | Lair:4   | Gained mutation: You are in touch with the powers of death. [Mummy growth]
 21441 | Lair:4   | Reached XP level 13. HP: 102/102 MP: 13/13
 21550 | Lair:4   | Reached skill level 10 in Fighting
 22486 | Lair:5   | Found a stormy altar of Qazlal.
 22626 | Lair:5   | Reached skill level 5 in Dodging
 23789 | Lair:6   | Entered Level 6 of the Lair of Beasts
 25243 | Lair:6   | Reached XP level 14. HP: 71/110 MP: 14/14
 25486 | Lair:6   | Reached skill level 10 in Dodging
 25612 | Lair:6   | Found a staircase to the Slime Pits.
 26355 | Lair:6   | Reached skill level 11 in Fighting
 26693 | Lair:6   | Got a brightly glowing scimitar
 26708 | Lair:6   | Identified the +7 scimitar of the Thirsty Mice {vamp, MR+ Dex+4} (You found it on level 6 of the Lair of Beasts)
 27459 | Lair:2   | Reached skill level 12 in Fighting
 27667 | Lair:2   | Bought a scorched helmet for 380 gold pieces
 27678 | Lair:2   | Identified the +0 helmet of the Lion {rCorr} (You bought it in a shop on level 2 of the Lair of Beasts)
 27690 | Lair:2   | Bought a pitted chain mail for 380 gold pieces
 27700 | Lair:2   | Identified the +7 chain mail of Zin's Approval {rC+ rN+ Int+4} (You bought it in a shop on level 2 of the Lair of Beasts)
 27868 | D:12     | Noticed Fannar
 27900 | D:12     | Killed Fannar
 29161 | D:13     | Noticed Josephine
 29183 | D:13     | Killed Josephine
 29183 | D:13     | Reached skill level 13 in Fighting
 29211 | D:13     | Noticed Sonja
 29270 | D:13     | Killed Sonja
 29617 | D:13     | Found a gate to the Vaults.
 29645 | D:13     | Noticed Kirke
 29722 | D:13     | Killed Kirke
 29978 | D:13     | Found a shimmering altar of Xom.
 29979 | D:13     | Found a shimmering altar of Xom.
 29979 | D:13     | Found a shimmering altar of Xom.
 29980 | D:13     | Found a shimmering altar of Xom.
 29981 | D:13     | Found a shimmering altar of Xom.
 30035 | D:13     | Noticed Snorg
 30061 | D:13     | Killed Snorg
 30061 | D:13     | Reached skill level 14 in Fighting
 30396 | D:14     | Noticed Roxanne
 30465 | D:13     | Reached XP level 15. HP: 68/126 MP: 15/15
 31254 | D:14     | Found Utsi's General Store.
 31516 | D:15     | Entered Level 15 of the Dungeon
 31616 | D:15     | Reached skill level 15 in Fighting
 31694 | D:15     | Found a frozen archway.
 31698 | D:15     | Identified a +1 rod of ignition (14/14) (You took it off a centaur on level 14 of the Dungeon)
 31703 | IceCv    | Entered an ice cave
 31869 | IceCv    | Reached skill level 5 in Shields
 32281 | IceCv    | Got a crude falchion
 32282 | IceCv    | Identified the cursed +1 falchion of the Vestibule of Hell {flame, rPois} (You found it in an ice cave)
 33083 | D:15     | Found Zaw Niat's Weapon Boutique.
 33628 | D:15     | Found a staircase to the Depths.
 35629 | D:15     | Killed from afar by an orc priest

Skill      XL: |  1  2  3  4  5  6  7  8  9 10 11 12 13 14 15 |
---------------+----------------------------------------------+-----
Maces & Flails | 3 4 5 7 8 10 12 | 12.0
Fighting       | 6 9 10 14 15 | 15.0
Armour         | 6 10 11 | 11.0
Shields        | 4 9 |  9.3
Dodging        | 9 10 | 10.1
Throwing       | |  1.5

Action                   |  1- 3 |  4- 6 |  7- 9 | 10-12 | 13-15 || total
-------------------------+-------+-------+-------+-------+-------++-------
Melee: Flail             |   113 |    31 |       |       |     9 ||   153
       Whip              |       |   214 |   470 |  1285 |  2914 ||  4883
       Scimitar          |       |       |       |       |     1 ||     1
 Fire: Hunting sling     |     3 |       |       |       |       ||     3
       Blowgun           |       |       |    10 |    16 |       ||    26
Throw: Stone             |     2 |       |     1 |       |       ||     3
       Throwing net      |     3 |       |     3 |       |       ||     6
Invok: Potion Petition   |       |       |       |     1 |     1 ||     2
       Call Merchant     |       |       |       |     1 |       ||     1
Evoke: Wand              |       |       |       |     5 |     1 ||     6
       Fan of gales      |       |       |       |     1 |       ||     1
  Use: Scroll            |       |     3 |     5 |    17 |     8 ||    33
 Stab: Held in net/web   |     1 |       |     3 |       |       ||     4
       Distracted        |       |       |       |     6 |    12 ||    18
       Confused          |       |       |       |       |     1 ||     1
Armor: Leather armour    |    28 |    40 |       |       |       ||    68
       Plate armour      |       |    42 |   218 |   371 |       ||   631
       Chain mail        |       |       |       |   181 |  1007 ||  1188
Dodge: Dodged            |    80 |   102 |   111 |   357 |  1158 ||  1808
Block: Buckler           |       |       |       |    58 |   574 ||   632
